 Dungeon Crawl Stone Soup version 0.24-a0-463-g3510def36b (webtiles) character file.

Game seed: 13973714346865782887

428 Ijustatesigmund the Cudgeler (level 6, 0/66 HPs)
             Began as an Ogre Fighter on July 2, 2019.
             Slain by vurker's ghost (13 damage)
             ... on level 4 of the Dungeon.
             The game lasted 00:07:29 (2949 turns).

Ijustatesigmund the Cudgeler (Ogre Fighter)         Turns: 2949, Time: 00:07:30

Health: 0/66       AC:  4    Str: 21    XL:     6   Next: 98%
Magic:  6/6        EV:  8    Int:  9    God:
Gold:   207        SH:  8    Dex: 10    Spells: 5/5 levels left

rFire    . . .     SeeInvis .   r - +3 mace
rCold    . . .     Gourm    .   c - +0 shield
rNeg     . . .     Faith    .   b - +1 robe
rPois    .         Spirit   .   (helmet restricted)
rElec    .         Reflect  .   (no cloak)
rCorr    .         Harm     .   (gloves unavailable)
MR       .....                  (boots unavailable)
Stlth    +.........             (no amulet)
HPRegen  0.21/turn              (no ring)
MPRegen  0.10/turn              (no ring)

@: very slightly contaminated, hasted, studying Long Blades, very quick
A: large, unfitting armour, tough skin 1
a: no special abilities


You were on level 4 of the Dungeon.
You were not hungry.

You visited 1 branch of the dungeon, and saw 4 of its levels.

You collected 207 gold pieces.

Inventory:

Hand Weapons
 a - a +1 flail
 r - a +3 mace (weapon)
Missiles
 e - a throwing net
 g - 2 large rocks (quivered)
 o - 10 poisoned darts
 q - 12 javelins
Armour
 b - a +1 robe (worn)
 c - a +0 shield (worn)
 d - the cursed +0 shield of the Townfolk {rPois rC+ rCorr Slay+2}
   (You took it off a gnoll sergeant on level 4 of the Dungeon)

   It affects your accuracy and damage with ranged weapons and melee attacks
   (+2).
   It protects you from cold.
   It protects you from poison.
   It provides partial protection from all sources of acid and corrosion.
   It has a curse placed upon it.
Jewellery
 u - a +4 ring of protection {unknown}
Wands
 p - a wand of iceblast (12)
Scrolls
 k - 2 scrolls of remove curse
 n - a scroll of enchant armour
Potions
 i - 3 potions of curing
 j - a potion of flight {unknown}
 l - a potion of agility {unknown}
 m - a potion of brilliance {unknown}
 s - a potion of magic {unknown}
 t - a potion of mutation {unknown}
 v - a potion of ambrosia {unknown}
Books
 h - a manual of Long Blades
Comestibles
 f - 6 rations


   Skills:
 + Level 5.1 Fighting
 + Level 5.8 Maces & Flails
 + Level 2.0 Throwing
 - Level 2.6 Dodging
 - Level 2.6 Shields


You had 5 spell levels left.
You didn't know any spells.
Your spell library was empty.

Dungeon Overview and Level Annotations

Branches:
Dungeon (4/15)
 Temple: D:4-7

Altars:
Xom
Zin

Shops:
D:2 *

Annotations:
D:4 vurker's ghost, novice GnSk


Innate Abilities, Weirdness & Mutations

You are too large for most types of armour.
You have tough skin. (AC +1)


Message History

You struggle against the net.
You tear a large gash into the net.
Your extra speed is starting to run out.
You shred the net and break free!
You now have 207 gold pieces (gained 16).
There are no items here.
There are no items here.
Unknown command.
You see here a large rock.
You feel as though your hastened speed will last longer.
You see here a throwing net.
e - a throwing net You block vurker's ghost's attack.
Vurker's ghost hits you.
There is a transporter here.
You enter the transporter and appear at another place.
Vurker's ghost hits you!
* * * LOW HITPOINT WARNING * * *
You are electrocuted!
You die...

# ≈≈# .## ###
#.≈≈#...........#≈≈.###
#.≈≈###.##'##.###≈≈...#
#.≈≈..#.#P.P#.#..≈≈...
..≈≈.##.'...'.##.≈≈.#
..≈≈.#©.#P.P#..#.≈≈.#
..≈≈.##.##.##.##.≈≈.#
......#.#P.P#.#.W≈≈.# .
.....©#.).©.'.#©@≈≈.## ≈
....$.#g#8⌠8#.#..≈≈..# ≈#
..≈≈.##.#####.##.≈≈..##≈#
#.≈≈.#.g#...#..#.≈≈....≈###
#.≈≈.##g#...#.##.≈≈....≈≈≈≈
#.≈≈..#.#...#.#..≈≈...#..##
..≈≈###(##'##.###≈≈.####+#
..≈≈#.)(......(.#≈≈.##
..≈≈##.###.###.##≈≈..#


You could see vurker's ghost.

Vanquished Creatures
  The ghost of vurker the Charmwright, an amateur GnSk (D:3)
  A gnoll sergeant (D:4)
  A scorpion (D:4)
  A centaur skeleton (D:4)
  Natasha (D:2)
  2 worker ants
  2 gnolls (D:4)
  3 adders (D:3)
  3 worms
  A dart slug (D:2)
  2 orcs (D:3)
  8 bats
  4 giant cockroaches
  3 goblins
  6 hobgoblins
  A quokka (D:2)
  2 frilled lizards
  3 kobolds
  2 rats (D:2)
47 creatures vanquished.

Vanquished Creatures (others)
  An orc priest (D:4)
  A hound (D:4)
  A gnoll shaman (D:4)
  An adder skeleton (D:4)
  A leopard gecko (D:4)
  A jackal (D:4)
6 creatures vanquished.

Grand Total: 53 creatures vanquished

Notes
Turn   | Place    | Note
-------+----------+-------------------------------------------
     0 | D:1      | Ijustatesigmund the Ogre Fighter began the quest for the
                  | Orb.
     0 | D:1      | Reached XP level 1. HP: 24/24 MP: 1/1
   262 | D:1      | Reached XP level 2. HP: 24/32 MP: 2/2
   916 | D:2      | Found Zin's Purification Station.
   919 | D:2      | Found a glowing silver altar of Zin.
   969 | D:2      | Noticed Natasha
   977 | D:2      | Killed Natasha
   977 | D:2      | Reached XP level 3. HP: 34/39 MP: 3/3
  1394 | D:3      | Reached XP level 4. HP: 48/48 MP: 4/4
  1511 | D:3      | Found a runed translucent gate.
  1511 | D:3      | Found a runed translucent gate.
  1511 | D:3      | Noticed vurker's ghost (amateur GnSk)
  1512 | D:3      | Found a runed translucent gate.
  1569 | D:3      | Killed vurker's ghost
  1569 | D:3      | Reached skill level 5 in Maces & Flails
  1569 | D:3      | Reached XP level 5. HP: 18/54 MP: 5/5
  1830 | D:3      | Reached XP level 6. HP: 62/62 MP: 6/6
  2517 | D:4      | Reached skill level 1 in Throwing
  2688 | D:4      | Found a transporter.
  2747 | D:4      | Found a transporter.
  2747 | D:4      | Identified the cursed +0 shield of the Townfolk {rPois rC+
                  | rCorr Slay+2}
  2758 | D:4      | Found a shimmering altar of Xom.
  2805 | D:4      | Noticed vurker's ghost (novice GnSk)
  2878 | D:4      | Reached skill level 5 in Fighting
  2949 | D:4      | Slain by vurker's ghost

Levels and vault maps discovered:
D:1:      dpeg_arrival_water_fire, layout_loops_ring
D:2:      layout_basic, zin_purify, uniq_natasha
D:3:      minmay_chambers_of_twos, layout_loops_ring, ebering_ghost_rock_garden,
          kennysheep_generic_room_13
D:4:      layout_rooms, minmay_temple_entry_glassed_door,
          gammafunk_ghost_gnarly_gnolls, serial_shops, nicolae_shop_crystal,
          kennysheep_mini_moat, xom_confusion_cloud

Skill      XL: |  1  2  3  4  5  6 |
---------------+-------------------+-----
Maces & Flails | 2 3 4 5 |  5.8
Throwing       | 2 |  2.0
Fighting       | 5 |  5.1
Dodging        | |  2.6
Shields        | |  2.6

Action                   |  1- 3 |  4- 6 || total
-------------------------+-------+-------++-------
Melee: Flail             |    66 |    58 ||   124
       Mace              |       |    48 ||    48
Throw: Dart              |     2 |     5 ||     7
       Large rock        |       |    18 ||    18
  Use: Scroll            |     9 |     3 ||    12
       Potion            |       |     9 ||     9
 Stab: Sleeping          |     1 |       ||     1
       Invisible         |       |     2 ||     2
  Eat: Chunk             |     1 |     1 ||     2
       Ration            |       |     2 ||     2
Armor: Robe              |    19 |    14 ||    33
Dodge: Dodged            |    26 |    35 ||    61
Block: Shield            |    37 |    46 ||    83

Table legend:
 A = Non-vault XP
 B = Vault XP
 C = Vault XP percentage of total XP
 D = Non-vault monster count
 E = Vault monster count
 F = Vault count percentage of total count
                 A         B        C        D         E       F
            +---------+---------+-------+---------+---------+-------
      Total |     247 |     365 |  59.6 |      32 |      16 |  33.3
            +---------+---------+-------+---------+---------+-------
        D:1 |      18 |       0 |   0.0 |      11 |       0 |   0.0
        D:2 |      19 |      33 |  63.5 |       9 |       1 |  10.0
        D:3 |      57 |     236 |  80.5 |       8 |      11 |  57.9
        D:4 |     153 |      96 |  38.6 |       4 |       4 |  50.0
            +---------+---------+-------+---------+---------+-------
